| TOP OF THE 1ST |
|
Batavia Muckdogs batting - Pitching for Boise Hawks : RHP Gabe Stokes
|
|
Pitching: RHP Gabe Stokes
|
|
|
Batting: RHB Calvin Morin
|
0-0: Called Strike 0-1: Foul Ball, location: 2F 0-2: Foul Ball, location: 2F 0-2: Ground out 4-3 (Groundball, 4, EV 88.8 MPH)
|
|
Batting: LHB David Doge
|
0-0: Swinging Strike 0-1: Foul Ball, location: 2F 0-2: Ball 1-2: Ground out 6-3 (Groundball, 6, EV 89.4 MPH)
|
|
Batting: RHB Len Graham
|
0-0: Called Strike 0-1: Ball 1-1: Ball 2-1: SOLO HOME RUN (Flyball, 78XD, EV 95.6 MPH), Distance : 383 ft
|
|
Batting: RHB Jim Fisher
|
0-0: Ball 1-0: Ground out 4-3 (Groundball, 4, EV 104.4 MPH)
|
| Top of the 1st over - 1 run, 1 hit, 0 errors, 0 left on base; Batavia 1 - Boise 0 |
| BOTTOM OF THE 1ST |
|
Boise Hawks batting - Pitching for Batavia Muckdogs : RHP Gabe Behrend
|
|
Pitching: RHP Gabe Behrend
|
|
|
Batting: LHB Eddie Gonzalez
|
0-0: Ball 1-0: Ball 2-0: Ball 3-0: Called Strike 3-1: Foul Ball, location: 2F 3-2: Base on Balls
|
|
Batting: LHB Steve Gilliam
|
0-0: Ball 1-0: Called Strike 1-1: Ball Eddie Gonzalez steals 2nd base 2-1: Foul Ball, location: 2F 2-2: SINGLE (Line Drive, 3D, EV 103.1 MPH) Eddie Gonzalez to third
|
|
Batting: SHB Bobby Santor
|
0-0: Called Strike Steve Gilliam is caught stealing 2nd base 2-6 0-1: Foul Ball, location: 2F 0-2: Ball 1-2: SINGLE (Groundball, 34D, EV 101.3 MPH) Eddie Gonzalez scores
|
|
Batting: LHB Greg Valenzuela
|
0-0: Ball Bobby Santor steals 2nd base 1-0: Ball 2-0: Ball 3-0: Called Strike 3-1: Base on Balls
|
|
Batting: RHB Ryan Rinaldi
|
0-0: Ball 1-0: Foul Ball, location: 2F 1-1: Called Strike 1-2: DOUBLE (Line Drive, 5D, EV 99.4 MPH) Bobby Santor scores Greg Valenzuela to third
|
|
Batting: LHB Glenn Lowther
|
0-0: DOUBLE (Line Drive, 7LS, EV 90.0 MPH) Greg Valenzuela scores Ryan Rinaldi scores
|
|
Batting: RHB Chris Tatum
|
0-0: Ball 1-0: Ball 2-0: Swinging Strike 2-1: Foul Ball, location: 2F 2-2: Strikes out swinging
|
|
Batting: LHB Zane Kelton
|
0-0: Ball 1-0: Ball 2-0: Ball 3-0: Called Strike 3-1: Fly out, F8 (Flyball, 8LD, EV 95.0 MPH)
|
| Bottom of the 1st over - 4 runs, 4 hits, 0 errors, 1 left on base; Batavia 1 - Boise 4 |
| TOP OF THE 2ND |
|
Batavia Muckdogs batting - Pitching for Boise Hawks : RHP Gabe Stokes
|
|
Batting: RHB Larry LeFever
|
0-0: Ball 1-0: Foul Ball, location: 2F 1-1: Called Strike 1-2: Strikes out swinging
|
|
Batting: RHB Nate Crofts
|
0-0: DOUBLE (Line Drive, 89D, EV 108.1 MPH)
|
|
Batting: RHB Hiromitsu Yamada
|
0-0: Called Strike 0-1: Fly out, F8 (Flyball, 8RD, EV 108.1 MPH)
|
|
Batting: RHB Jeremy Dennis
|
0-0: Ball 1-0: TRIPLE (Flyball, 8LXD, EV 105.6 MPH) Nate Crofts scores
|
|
Batting: RHB Jose Trevino
|
0-0: Ball Wild Pitch! Jeremy Dennis scores 1-0: Ball 2-0: Reached on error, E6 (Groundball, 6, EV 105.0 MPH)
|
|
Batting: RHB Calvin Morin
|
0-0: Ball 1-0: Foul Ball, location: 2F 1-1: Ball 2-1: Ball 3-1: Swinging Strike 3-2: Foul Ball, location: 2F 3-2: Strikes out swinging
|
| Top of the 2nd over - 2 runs, 2 hits, 1 error, 1 left on base; Batavia 3 - Boise 4 |
| BOTTOM OF THE 2ND |
|
Boise Hawks batting - Pitching for Batavia Muckdogs : RHP Gabe Behrend
|
|
Batting: LHB Mike Clark
|
0-0: Ball 1-0: Called Strike 1-1: Fly out, F8 (Flyball, 78D, EV 97.5 MPH)
|
|
Batting: LHB Eddie Gonzalez
|
0-0: Swinging Strike 0-1: Swinging Strike 0-2: SINGLE (Groundball, 5D, EV 95.6 MPH)
|
|
Batting: LHB Steve Gilliam
|
0-0: Called Strike 0-1: Called Strike Eddie Gonzalez steals 2nd base 0-2: Ball 1-2: Ball 2-2: DOUBLE (Line Drive, 7LM, EV 105.0 MPH) Eddie Gonzalez scores
|
|
Batting: SHB Bobby Santor
|
0-0: Ball Steve Gilliam is caught stealing 3rd base 2-5 1-0: Called Strike 1-1: Fly out, F8 (Line Drive, 8RD, EV 88.8 MPH)
|
| Bottom of the 2nd over - 1 run, 2 hits, 0 errors, 0 left on base; Batavia 3 - Boise 5 |
| TOP OF THE 3RD |
|
Batavia Muckdogs batting - Pitching for Boise Hawks : RHP Gabe Stokes
|
|
Batting: LHB David Doge
|
0-0: Foul Ball, location: 2F 0-1: Ball 1-1: Ball 2-1: Foul Ball, location: 2F 2-2: Ball 3-2: Foul Ball, location: 2F 3-2: Base on Balls
|
|
Batting: RHB Len Graham
|
0-0: Ball Wild Pitch! David Doge to second 1-0: Ball 2-0: Ball 3-0: Base on Balls
|
|
Batting: RHB Jim Fisher
|
0-0: Called Strike 0-1: Ball 1-1: Ball 2-1: Ball 3-1: Swinging Strike 3-2: Fly out, F9 (Flyball, 89D, EV 95.6 MPH) Runner from 2nd tags up, SAFE at 3rd, no throw by RF
|
|
Batting: RHB Larry LeFever
|
0-0: Called Strike 0-1: Ball 1-1: Ball 2-1: Foul Ball, location: 2F 2-2: Fly out, F3 (Popup, 3SF, EV 79.4 MPH)
|
|
Batting: RHB Nate Crofts
|
0-0: Ball 1-0: DOUBLE (Line Drive, 7LS, EV 110.6 MPH) David Doge scores Len Graham to third
|
|
Batting: RHB Hiromitsu Yamada
|
0-0: Called Strike 0-1: Foul Ball, location: 2F 0-2: Foul Ball, location: 2F 0-2: Strikes out swinging
|
| Top of the 3rd over - 1 run, 1 hit, 0 errors, 2 left on base; Batavia 4 - Boise 5 |
| BOTTOM OF THE 3RD |
|
Boise Hawks batting - Pitching for Batavia Muckdogs : RHP Gabe Behrend
|
|
Batting: LHB Greg Valenzuela
|
0-0: Ball 1-0: Ball 2-0: Ball 3-0: Called Strike 3-1: Called Strike 3-2: Base on Balls
|
|
Batting: RHB Ryan Rinaldi
|
0-0: Ball Greg Valenzuela is caught stealing 2nd base 2-4 1-0: Foul Ball, location: 2F 1-1: Ball 2-1: DOUBLE (Flyball, 8RD, EV 85.6 MPH)
|
|
Batting: LHB Glenn Lowther
|
0-0: Foul Ball, location: 2F 0-1: Ball 1-1: Ground out 6-3 (Groundball, 6, EV 86.3 MPH)
|
|
Batting: RHB Chris Tatum
|
0-0: Ball 1-0: Swinging Strike 1-1: Ball 2-1: SINGLE (Flyball, 8RS, EV 91.3 MPH) Ryan Rinaldi to third Runner from 3rd tries for Home, throw by CF and OUT! 8-2
|
| Bottom of the 3rd over - 0 runs, 2 hits, 0 errors, 1 left on base; Batavia 4 - Boise 5 |
| TOP OF THE 4TH |
|
Batavia Muckdogs batting - Pitching for Boise Hawks : RHP Gabe Stokes
|
|
Batting: RHB Jeremy Dennis
|
0-0: Foul Ball, location: 2F 0-1: Ball 1-1: Swinging Strike 1-2: Strikes out looking
|
|
Batting: RHB Jose Trevino
|
0-0: Called Strike 0-1: Swinging Strike 0-2: Ball 1-2: Fly out, F7 (Flyball, 7, EV 92.5 MPH)
|
|
Batting: RHB Calvin Morin
|
0-0: Ball 1-0: Ball 2-0: Called Strike 2-1: Called Strike 2-2: Strikes out swinging
|
| Top of the 4th over - 0 runs, 0 hits, 0 errors, 0 left on base; Batavia 4 - Boise 5 |
| BOTTOM OF THE 4TH |
|
Boise Hawks batting - Pitching for Batavia Muckdogs : RHP Gabe Behrend
|
|
Pitching: RHP Ryan Babbitt
|
|
|
Batting: LHB Zane Kelton
|
0-0: SINGLE (Groundball, 6M, EV 88.8 MPH) (infield hit)
|
|
Batting: LHB Mike Clark
|
0-0: Ball 1-0: Called Strike 1-1: Called Strike 1-2: Ball 2-2: Ball 3-2: Fly out, F9 (Flyball, 9, EV 97.5 MPH)
|
|
Batting: LHB Eddie Gonzalez
|
0-0: Ball Zane Kelton steals 2nd base 1-0: Ball 2-0: Called Strike 2-1: Fly out, F8 (Flyball, 89D, EV 98.1 MPH) Runner from 2nd tags up, SAFE at 3rd, no throw by CF
|
|
Batting: LHB Steve Gilliam
|
0-0: Foul Ball, location: 2F 0-1: Ball 1-1: Ball 2-1: Ball 3-1: Called Strike 3-2: Ground out 1-3 (Groundball, 15S, EV 75.0 MPH)
|
| Bottom of the 4th over - 0 runs, 1 hit, 0 errors, 1 left on base; Batavia 4 - Boise 5 |
| TOP OF THE 5TH |
|
Batavia Muckdogs batting - Pitching for Boise Hawks : RHP Gabe Stokes
|
|
Batting: LHB David Doge
|
0-0: Called Strike 0-1: Ball 1-1: Ball 2-1: Foul Ball, location: 2F 2-2: Strikes out swinging
|
|
Batting: RHB Len Graham
|
0-0: Called Strike 0-1: Fly out, F3 (Popup, 3F, EV 80.0 MPH)
|
|
Batting: RHB Jim Fisher
|
0-0: Called Strike 0-1: Foul Ball, location: 2F 0-2: Ball 1-2: Ball 2-2: Ball 3-2: Foul Ball, location: 2F 3-2: Foul Ball, location: 2F 3-2: Foul Ball, location: 2F 3-2: Base on Balls
|
|
Batting: RHB Larry LeFever
|
0-0: Fielders Choice at 2nd, 6-4 (Groundball, 6, EV 97.5 MPH)
|
| Top of the 5th over - 0 runs, 0 hits, 0 errors, 1 left on base; Batavia 4 - Boise 5 |
| BOTTOM OF THE 5TH |
|
Boise Hawks batting - Pitching for Batavia Muckdogs : RHP Ryan Babbitt
|
|
Batting: SHB Bobby Santor
|
0-0: Ball 1-0: Ball 2-0: SOLO HOME RUN (Flyball, 9D, EV 96.3 MPH), Distance : 372 ft
|
|
Pitching: RHP Scott Feltham
|
|
|
Batting: LHB Greg Valenzuela
|
0-0: Ball 1-0: Ball 2-0: Called Strike 2-1: Foul Ball, location: 2F 2-2: Ball 3-2: Base on Balls
|
|
Batting: RHB Ryan Rinaldi
|
0-0: SINGLE (Line Drive, 89S, EV 87.5 MPH) Greg Valenzuela to second Runner from 2nd tries for 3rd, SAFE, throw by RF made to third
|
|
Batting: LHB Glenn Lowther
|
0-0: Foul Ball, location: 2F 0-1: Ball 1-1: Ball 2-1: SINGLE (Flyball, 8LS, EV 94.4 MPH) Greg Valenzuela scores Ryan Rinaldi to second
|
|
Batting: RHB Chris Tatum
|
0-0: Ball 1-0: Ball 2-0: Foul Ball, location: 2F 2-1: Foul Ball, location: 2F 2-2: Ball 3-2: Foul Ball, location: 2F 3-2: Base on Balls Ryan Rinaldi to third Glenn Lowther to second
|
|
Pitching: RHP Alex Garza
|
|
|
Batting: LHB Zane Kelton
|
0-0: Called Strike 0-1: Fly out, F9 (Flyball, 9, EV 90.0 MPH)
|
|
Batting: LHB Mike Clark
|
0-0: Called Strike 0-1: Ball 1-1: Ball 2-1: SINGLE (Line Drive, 4MD, EV 100.6 MPH) Ryan Rinaldi scores Glenn Lowther to third Chris Tatum to second
|
|
Batting: LHB Eddie Gonzalez
|
0-0: Foul Ball, location: 2F 0-1: Ball 1-1: Ball Balk! Glenn Lowther scores Chris Tatum to third Mike Clark to second 2-1: Ball 3-1: Called Strike 3-2: Strikes out swinging
|
|
Batting: LHB Steve Gilliam
|
0-0: Ball 1-0: Called Strike 1-1: Swinging Strike 1-2: Fly out, F8 (Flyball, 89D, EV 106.3 MPH)
|
| Bottom of the 5th over - 4 runs, 4 hits, 0 errors, 2 left on base; Batavia 4 - Boise 9 |
| TOP OF THE 6TH |
|
Batavia Muckdogs batting - Pitching for Boise Hawks : RHP Gabe Stokes
|
|
Pitching: RHP Angelo Ayala
|
|
|
Batting: RHB Nate Crofts
|
0-0: Ball 1-0: Swinging Strike 1-1: Swinging Strike 1-2: Foul Ball, location: 2F 1-2: Foul Ball, location: 2F 1-2: Strikes out swinging
|
|
Batting: RHB Hiromitsu Yamada
|
0-0: SINGLE (Line Drive, 5D, EV 106.9 MPH)
|
|
Batting: RHB Jeremy Dennis
|
0-0: Ball Hiromitsu Yamada steals 2nd base 1-0: Swinging Strike 1-1: Foul Ball, location: 2F 1-2: Ball Wild Pitch! Hiromitsu Yamada to third 2-2: Fly out, F7 (Line Drive, 7D, EV 90.6 MPH) Runner from 3rd tags up, SCORES, throw by LF
|
|
Batting: RHB Jose Trevino
|
0-0: Ground out 4-3 (Groundball, 4M, EV 106.3 MPH)
|
| Top of the 6th over - 1 run, 1 hit, 0 errors, 0 left on base; Batavia 5 - Boise 9 |
| BOTTOM OF THE 6TH |
|
Boise Hawks batting - Pitching for Batavia Muckdogs : RHP Alex Garza
|
|
Batting: SHB Bobby Santor
|
0-0: Ball 1-0: Ball 2-0: Foul Ball, location: 2F 2-1: Ball 3-1: SINGLE (Line Drive, 8LS, EV 98.8 MPH)
|
|
Pitching: RHP Giampaolo Nobile
|
|
|
Batting: LHB Greg Valenzuela
|
0-0: Foul Ball, location: 2F 0-1: Called Strike Bobby Santor steals 2nd base 0-2: Ball 1-2: Ball 2-2: Strikes out looking
|
|
Batting: RHB Ryan Rinaldi
|
0-0: Ball 1-0: Ball 2-0: Ball Passed Ball! Bobby Santor to third 3-0: Called Strike 3-1: Called Strike 3-2: Foul Ball, location: 2F 3-2: Foul Ball, location: 2F 3-2: Fly out, F4 (Popup, 4, EV 53.8 MPH)
|
|
Batting: LHB Glenn Lowther
|
0-0: Called Strike 0-1: Called Strike 0-2: Strikes out swinging
|
| Bottom of the 6th over - 0 runs, 1 hit, 0 errors, 1 left on base; Batavia 5 - Boise 9 |
| TOP OF THE 7TH |
|
Batavia Muckdogs batting - Pitching for Boise Hawks : RHP Angelo Ayala
|
|
Batting: RHB Calvin Morin
|
0-0: Ball 1-0: Called Strike 1-1: Ball 2-1: Ball 3-1: Foul Ball, location: 2F 3-2: Foul Ball, location: 2F 3-2: Foul Ball, location: 2F 3-2: Foul Ball, location: 2F 3-2: Fly out, F8 (Line Drive, 8LD, EV 105.6 MPH)
|
|
Batting: LHB David Doge
|
0-0: Ball 1-0: Ball 2-0: Ball 3-0: Base on Balls
|
|
Batting: RHB Len Graham
|
0-0: Foul Ball, location: 2F 0-1: Ball 1-1: Ball 2-1: Ball 3-1: Fly out, F6 (Line Drive, 6, EV 75.6 MPH)
|
|
Batting: RHB Jim Fisher
|
0-0: Called Strike 0-1: Ball 1-1: Called Strike 1-2: Ground out U3 (Groundball, 34S, EV 83.8 MPH)
|
| Top of the 7th over - 0 runs, 0 hits, 0 errors, 1 left on base; Batavia 5 - Boise 9 |
| BOTTOM OF THE 7TH |
|
Boise Hawks batting - Pitching for Batavia Muckdogs : RHP Giampaolo Nobile
|
|
Batting: RHB Chris Tatum
|
0-0: Ball 1-0: SINGLE (Flyball, 56D, EV 83.8 MPH)
|
|
Batting: LHB Zane Kelton
|
0-0: Called Strike 0-1: Swinging Strike 0-2: DOUBLE (Line Drive, 8LXD, EV 106.3 MPH) Chris Tatum to third Runner from 3rd tries for Home, SAFE, no throw by CF
|
|
Batting: LHB Mike Clark
|
0-0: Ball 1-0: TRIPLE (Line Drive, 8RXD, EV 103.1 MPH) Zane Kelton scores
|
|
Batting: LHB Eddie Gonzalez
|
0-0: Ball 1-0: Called Strike 1-1: Swinging Strike 1-2: Foul Ball, location: 2F 1-2: DOUBLE (Line Drive, 7LM, EV 103.8 MPH) Mike Clark scores
|
|
Pinch Hitting: RHB Tyler Stebbins
|
0-0: Ball 1-0: Called Strike 1-1: Swinging Strike 1-2: Foul Ball, location: 2F 1-2: Ball 2-2: Reached on error, E6 (Groundball, 56, EV 95.0 MPH) Eddie Gonzalez to third
|
|
Batting: SHB Bobby Santor
|
0-0: Called Strike 0-1: Called Strike 0-2: Foul Ball, location: 2F 0-2: SINGLE (Groundball, 4M, EV 106.3 MPH) (infield hit) Eddie Gonzalez scores Tyler Stebbins to second
|
|
Batting: LHB Greg Valenzuela
|
0-0: Ball 1-0: Ball 2-0: Fielders Choice at 2nd, 6-4 (Groundball, 6, EV 89.4 MPH) Tyler Stebbins to third
|
|
Batting: RHB Ryan Rinaldi
|
0-0: Called Strike 0-1: Fly out, F7 (Line Drive, 7, EV 101.3 MPH)
|
|
Batting: LHB Glenn Lowther
|
0-0: Swinging Strike 0-1: Swinging Strike 0-2: Fielders Choice at 2nd, 5-4 (Groundball, 56, EV 96.3 MPH)
|
| Bottom of the 7th over - 4 runs, 5 hits, 1 error, 2 left on base; Batavia 5 - Boise 13 |
| TOP OF THE 8TH |
|
Batavia Muckdogs batting - Pitching for Boise Hawks : RHP Angelo Ayala
|
|
Now at 1B: Tyler Stebbins
|
|
|
Batting: RHB Larry LeFever
|
0-0: Swinging Strike 0-1: Foul Ball, location: 2F 0-2: Ball 1-2: Ball 2-2: Strikes out swinging
|
|
Pinch Hitting: LHB Andrew van Dongen
|
0-0: Foul Ball, location: 2F 0-1: Ball 1-1: Ball 2-1: Called Strike 2-2: Ball 3-2: Base on Balls
|
|
Pitching: RHP Jim Butler
|
|
|
Batting: RHB Hiromitsu Yamada
|
0-0: Called Strike 0-1: Called Strike 0-2: Strikes out looking
|
|
Pinch Hitting: LHB Carlos Mosqueda
|
0-0: Called Strike 0-1: Foul Ball, location: 2F 0-2: Strikes out swinging
|
| Top of the 8th over - 0 runs, 0 hits, 0 errors, 1 left on base; Batavia 5 - Boise 13 |
| BOTTOM OF THE 8TH |
|
Boise Hawks batting - Pitching for Batavia Muckdogs : RHP Giampaolo Nobile
|
|
Now at 1B: Carlos Mosqueda
|
|
|
Now at 2B: Len Graham
|
|
|
Now at SS: Ryuki Ogasawara
|
|
|
Batting: RHB Chris Tatum
|
0-0: Fly out, F7 (Line Drive, 7D, EV 85.6 MPH)
|
|
Batting: LHB Zane Kelton
|
0-0: Called Strike 0-1: Swinging Strike 0-2: Ground out 4-3 (Groundball, 34, EV 101.3 MPH)
|
|
Batting: LHB Mike Clark
|
0-0: Foul Ball, location: 2F 0-1: Ball 1-1: Ball 2-1: Foul Ball, location: 2F 2-2: Ball 3-2: SINGLE (Groundball, 6MD, EV 106.9 MPH)
|
|
Batting: LHB Eddie Gonzalez
|
0-0: Called Strike 0-1: Fly out, F7 (Line Drive, 7S, EV 101.9 MPH)
|
| Bottom of the 8th over - 0 runs, 1 hit, 0 errors, 1 left on base; Batavia 5 - Boise 13 |
| TOP OF THE 9TH |
|
Batavia Muckdogs batting - Pitching for Boise Hawks : RHP Jim Butler
|
|
Pinch Hitting: SHB Dan Zink
|
0-0: Ball 1-0: Ball 2-0: Ball 3-0: Called Strike 3-1: Base on Balls
|
|
Pinch Hitting: LHB Mario Tirado
|
0-0: Called Strike 0-1: Ball 1-1: Called Strike 1-2: Ball 2-2: Ball 3-2: TRIPLE (Line Drive, 89XD, EV 107.5 MPH) Dan Zink scores
|
|
Batting: LHB David Doge
|
0-0: Ground out 3-1 (Groundball, 34S, EV 86.9 MPH) Mario Tirado scores
|
|
Batting: RHB Len Graham
|
0-0: Foul Ball, location: 2F 0-1: Ball 1-1: Ground out 3-1 (Groundball, 34, EV 97.5 MPH)
|
|
Batting: RHB Jim Fisher
|
0-0: Swinging Strike 0-1: Ground out 3-1 (Groundball, 13, EV 90.0 MPH)
|
| Top of the 9th over - 2 runs, 1 hit, 0 errors, 0 left on base; Batavia 7 - Boise 13 |
|